 Dungeon Crawl Stone Soup version 0.20.1-1-g8b1a95d66d (webtiles) character file.

613 Jynx the Grave Robber (level 7, 0/46 HPs)
             Began as a Demonspawn Necromancer on Dec 20, 2017.
             Slain by an orc
             ... wielding a +0 hand axe
              (4 damage)
             ... on level 3 of the Dungeon.
             The game lasted 00:12:29 (5223 turns).

Jynx the Grave Robber (Demonspawn Necromancer)      Turns: 5223, Time: 00:12:30

Health: 0/46       AC:  2    Str:  9    XL:     7   Next: 20%
Magic:  3/11       EV: 14    Int: 20    God:
Gold:   70         SH:  0    Dex: 13    Spells: 4/13 levels left

rFire    . . .     SeeInvis .   m - +2 short sword (speed)
rCold    . . .     Gourm    .   (no shield)
rNeg     . . .     Faith    .   a - +0 robe
rPois    .         Spirit   .   (helmet restricted)
rElec    .         Reflect  .   (no cloak)
rCorr    .         Harm     .   (no gloves)
MR       .....                  (no boots)
Stlth    +++.......             (no amulet)
Regen    0.2/turn               l - ring of stealth
MPRegen  0.2/turn               (no ring)

@: no status effects
A: horns 1, repulsion field 1, blink, clever 1, low mp 1, powered by pain 2
a: Blink


You were on level 3 of the Dungeon.
You were not hungry.

You visited 1 branch of the dungeon, and saw 4 of its levels.
You also visited: Sewer.

You collected 70 gold pieces.

Inventory:

Hand Weapons
 m - a +2 short sword of speed (weapon)
Armour
 a - a +0 robe (worn)
Jewellery
 l - a ring of stealth (left hand)
 q - an uncursed ring of stealth
Scrolls
 d - a scroll of remove curse
 g - a scroll of recharging
 h - a scroll of magic mapping
 n - a scroll of fear
Potions
 e - a potion of brilliance
 f - a potion of magic {unknown}
 i - a potion of resistance {unknown}
 k - a potion of heal wounds
 o - 2 potions of haste {unknown}
Books
 b - a book of Necromancy

   Spells                             Type                      Level
   a - Pain                           Necromancy                   1
   b - Animate Skeleton               Necromancy                   1
   c - Vampiric Draining              Necromancy                   3
   d - Regeneration                   Charms/Necromancy            3
   e - Animate Dead                   Necromancy                   4
   f - Control Undead                 Necromancy                   4
Comestibles
 c - 2 bread rations
 j - a royal jelly
 r - a meat ration


   Skills:
 + Level 2.7 Short Blades
 - Level 1.7 Dodging
 + Level 3.9 Stealth
 + Level 3.7 Spellcasting
 * Level 6.9 Necromancy


You had 4 spell levels left.
You knew the following spells:

 Your Spells              Type           Power        Failure   Level  Hunger
a - Pain                  Necr           ####         1%          1    None
b - Animate Dead          Necr           N/A          8%          4    ####...
c - Control Undead        Necr           ####......   8%          4    ####...


Dungeon Overview and Level Annotations

Branches:
Dungeon (4/15)
 Temple: D:4-7

Altars:
Ashenzari
Dithmenos
Qazlal
Zin


Innate Abilities, Weirdness & Mutations

You are surrounded by a mild repulsion field. (EV +2)
You sometimes gain power by taking damage.
You have a pair of small horns on your head.
You can translocate small distances at will.
Your mind is acute. (Int +2)
Your magical capacity is low. (-10% MP)


Message History

Press: ? - help, Shift-Dir - straight line, f/p - orc priest
Aim: an orc priest, wielding a short sword (lightly wounded, chance to defeat MR: 84%)
The orc priest writhes in agony!
The orc priest hits you with a short sword.
* * * LOW HITPOINT WARNING * * *
The orc misses you.
Casting: Pain
Confirm with . or Enter, or press ? or * to list all spells.
Aiming: Pain
Press: ? - help, Shift-Dir - straight line, f/p - orc priest
Aim: an orc priest, wielding a short sword (severely wounded, chance to defeat MR: 84%)
The orc priest writhes in agony!
You kill the orc priest!
Casting: Pain
Confirm with . or Enter, or press ? or * to list all spells.
Aiming: Pain
Press: ? - help, Shift-Dir - straight line, f - orc
Aim: an orc, wielding a hand axe (chance to defeat MR: 93%)
The orc writhes in agony!
The orc hits you with a hand axe.
You die...

.......#
.......#######
.............#
.............#
.............#
.............#
.............#
.............#####
......[......'.o@#
.............###)#
######.......# #.#
# ######### #.# #
#.#
################>#
...............#.#
##############.#.#
# ###########.#.#


You could see an orc.

Vanquished Creatures
  4 big kobolds (Sewer)
  A howler monkey (D:3)
  An orc priest (D:3)
  9 adders
  3 river rats (Sewer)
  7 oozes
  3 worms
  2 dart slugs
  2 leopard geckos
  3 orcs
  5 ball pythons (Sewer)
  8 bats
  10 giant cockroaches
  9 goblins
  12 hobgoblins
  3 jackals (D:1)
  A quokka (D:3)
  11 frilled lizards
  8 kobolds
  17 rats
119 creatures vanquished.

Notes
Turn   | Place    | Note
-------+----------+-------------------------------------------
     0 | D:1      | Jynx the Demonspawn Necromancer began the quest for the Orb.
     0 | D:1      | Reached XP level 1. HP: 13/13 MP: 3/3
   289 | D:1      | Gained mutation: You are surrounded by a mild repulsion field. (EV +2) [demonic ancestry]
   289 | D:1      | Reached XP level 2. HP: 8/19 MP: 0/5
  1218 | D:1      | Reached XP level 3. HP: 21/24 MP: 2/6
  2216 | D:2      | Reached skill level 5 in Necromancy
  2280 | D:2      | Gained mutation: Your magical capacity is low. (-10% MP) [potion of mutation]
  2280 | D:2      | Gained mutation: Your mind is acute. (Int +2) [potion of mutation]
  2280 | D:2      | Gained mutation: You have a pair of small horns on your head. [potion of mutation]
  2280 | D:2      | Gained mutation: You can translocate small distances at will. [potion of mutation]
  2411 | D:2      | Reached skill level 1 in Short Blades
  2411 | D:2      | Gained mutation: You sometimes gain a little power by taking damage. [demonic ancestry]
  2411 | D:2      | Reached XP level 4. HP: 30/30 MP: 7/7
  2744 | D:2      | Found a glowing silver altar of Zin.
  2852 | D:3      | Found a stormy altar of Qazlal.
  2860 | D:3      | Found a shadowy altar of Dithmenos.
  3060 | D:3      | Found a glowing drain.
  3092 | Sewer    | Entered a sewer
  3396 | Sewer    | Gained mutation: You sometimes gain power by taking damage. [demonic ancestry]
  3396 | Sewer    | Reached XP level 5. HP: 15/35 MP: 2/8
  3831 | Sewer    | Reached skill level 6 in Necromancy
  3831 | Sewer    | Reached XP level 6. HP: 15/41 MP: 2/9
  4595 | D:3      | Found a shattered altar of Ashenzari.
  4712 | D:3      | Reached XP level 7. HP: 36/46 MP: 7/11
  5186 | D:3      | Learned a level 4 spell: Animate Dead
  5191 | D:3      | Learned a level 4 spell: Control Undead
  5223 | D:3      | Slain by an orc

Skill      XL: |  1  2  3  4  5 |
---------------+----------------+-----
Stealth        | 2 3 |  3.9
Necromancy     | 5 6 |  6.9
Short Blades   | 1 2 |  2.7
Spellcasting   | 3 |  3.7
Dodging        | |  1.7

Action                   |  1- 3 |  4- 6 |  7- 9 || total
-------------------------+-------+-------+-------++-------
Melee: Unarmed           |    24 |       |       ||    24
       Dagger            |    91 |    74 |       ||   165
       Headbutt          |     2 |    12 |     2 ||    16
       Short sword       |       |    51 |    31 ||    82
 Cast: Pain              |    51 |    85 |    14 ||   150
  Use: Scroll            |     4 |     6 |     3 ||    13
       Potion            |     1 |       |       ||     1
 Stab: Sleeping          |     7 |     3 |     4 ||    14
  Eat: Chunk             |     5 |     8 |     2 ||    15
Armor: Robe              |    15 |    17 |     2 ||    34
Dodge: Dodged            |    84 |   108 |    24 ||   216
